 Dungeon Crawl Stone Soup version 0.22.1-2-g9c5b331 (webtiles) character file.

68 Fang the Skirmisher (level 4, -3/29 HPs)
             Began as a Gargoyle Berserker on Dec 11, 2018.
             Was a Follower of Trog.
             Killed from afar by Sigmund (7 damage)
             ... with a puff of flame
             ... on level 2 of the Dungeon.
             The game lasted 00:01:14 (593 turns).

Fang the Skirmisher (Gargoyle Berserker)             Turns: 593, Time: 00:01:14

Health: -3/29      AC:  5    Str: 22    XL:     4   Next: 19%
Magic:  4/4        EV: 12    Int:  7    God:    Trog [*.....]
Gold:   39         SH:  0    Dex:  9    Spells: 3/3 levels left

rFire    . . .     SeeInvis .   a - +0 hand axe
rCold    . . .     Gourm    .   (no shield)
rNeg     + . .     Faith    .   b - +0 animal skin
rPois    ∞         Spirit   .   (no helmet)
rElec    +         Reflect  .   (no cloak)
rCorr    .         Harm     .   (no gloves)
MR       .....                  (no boots)
Stlth    +.........             (no amulet)
HPRegen  0.09/turn              (no ring)
MPRegen  0.09/turn              (no ring)

@: berserk cooldown, slowed, very slow
A: negative energy resistance 1, electricity resistance, unbreathing,
petrification resistance, rot immunity, AC +3
a: Berserk, Renounce Religion


You were on level 2 of the Dungeon.
You worshipped Trog.
Trog was aware of your devotion.
You were hungry.

You visited 1 branch of the dungeon, and saw 2 of its levels.

You collected 39 gold pieces.

Inventory:

Hand Weapons
 a - a +0 hand axe (weapon)
Armour
 b - a +0 animal skin (worn)
Scrolls
 d - 3 scrolls of amnesia {unknown}
 f - a scroll of blinking {unknown}
 g - a scroll of teleportation {unknown}
 j - a scroll of enchant weapon {unknown}
 l - a scroll of enchant armour {unknown}
Potions
 e - a potion of heal wounds {unknown}
 h - a potion of might {unknown}
 i - 2 potions of mutation {unknown}
 k - a potion of haste {unknown}
Comestibles
 c - 2 rations
 m - a chunk of flesh


   Skills:
 + Level 4.0 Fighting
 + Level 3.6 Axes
 + Level 2.4 Armour
 + Level 1.9 Dodging
 + Level 0.2 Stealth


You had 3 spell levels left.
You didn't know any spells.
Your spell library was empty.

Dungeon Overview and Level Annotations

Branches:
Dungeon (2/15)

Altars:

Annotations:
D:2 Natasha, Sigmund


Innate Abilities, Weirdness & Mutations

You are resistant to torment.
Your stone body is resilient. (AC +3)
You are immune to poison.
You resist negative energy. (rN+)
You are resistant to electric shocks. (rElec)
You can survive without breathing.
You are immune to petrification.
You are immune to rotting.


Message History

You are too injured to fight recklessly!
You are too injured to fight recklessly!
You are too injured to fight recklessly!
You swing at nothing.
You swing at nothing.
You feel your anger nearly subside. Sigmund misses you.
You swing at nothing.
You are no longer berserk.
You are exhausted.
You feel yourself slow down.
You swing at nothing.
Sigmund completely misses you.
You swing at nothing.
Sigmund hits you from afar with a scythe of venom!
* * * LOW HITPOINT WARNING * * *
You swing at nothing.
Sigmund hits you but does no damage. Sigmund says, "I'm your fate."
Sigmund points at you and mumbles some strange words.
The puff of flame hits you!
You die...

. #####.[.......
..............#
##.##.........#
..............#
......#.......####..
#...................
.###....).†....## .
#..#####..##.##...
......#....<@.@.....
...................?.
..................###
..................# .
.................
............=.###
..(.........?.#
..............#
.......#######


You could see Sigmund.

Vanquished Creatures
  Natasha (D:2)
  2 adders (D:2)
  A dart slug (D:1)
  A worm (D:2)
  2 giant cockroaches (D:1)
  2 jackals (D:1)
  A kobold (D:1)
  3 bats
  2 frilled lizards
  4 goblins
  3 rats (D:1)
22 creatures vanquished.

Notes
Turn   | Place    | Note
-------+----------+-------------------------------------------
     0 | D:1      | Fang the Gargoyle Berserker began the quest for the Orb.
     0 | D:1      | Reached XP level 1. HP: 14/14 MP: 1/1
   158 | D:1      | Reached XP level 2. HP: 19/19 MP: 2/2
   520 | D:2      | Reached XP level 3. HP: 24/24 MP: 3/3
   523 | D:2      | Noticed Natasha
   532 | D:2      | Killed Natasha
   532 | D:2      | Reached skill level 4 in Fighting
   532 | D:2      | Reached XP level 4. HP: 25/29 MP: 4/4
   567 | D:2      | Noticed Sigmund
   579 | D:2      | Noticed Natasha
   593 | D:2      | Killed from afar by Sigmund

Skill      XL: |  1  2  3 |
---------------+----------+-----
Axes           | 3 |  3.6
Fighting       | 4 |  4.0
Armour         | |  2.4
Dodging        | |  1.9
Stealth        | |  0.2

Action                   |  1- 3 |  4- 6 || total
-------------------------+-------+-------++-------
Melee: Hand axe          |    46 |     8 ||    54
Invok: Berserk           |     1 |     1 ||     2
 Stab: Sleeping          |     1 |       ||     1
Armor: Animal skin       |    12 |     3 ||    15
Dodge: Dodged            |    34 |     5 ||    39
